Map: Ley Lines

Players

Vaisravana

  • Race: Zerg Zerg
  • Spawn Location: 1:00

kitune - Winner!

  • Race: Protoss Protoss
  • Spawn Location: 7:00

VOD

Have the link to the VOD?

Description

Time

  • Played on: Aug. 9, 2025, 4:32 p.m.
  • Length: 4:17
Show
View Real Time Build Order
Export as new Build Order

Vaisravana Zerg 

Build Orders: Hatch First 

Get SALT Encoding   

  12  0:00  Drone  
  13  0:08  Drone  
  14  0:15  Extractor, Drone  
  15  0:22  Overlord  
  15  0:46  Hatchery  
  14  0:59  Spawning Pool  
  14  1:02  Drone  
  14  1:05  Drone  
  14  1:10  Drone  
  16  1:19  Extractor  
  15  1:47  Zergling x6  
  18  1:58  Queen  
  18  2:00  Zergling x4  
  22  2:06  Spine Crawler  
  21  2:13  Spine Crawler  
  20  2:26  Spine Crawler  
  20  2:27  Zergling x2  
  20  2:31  Zergling x2  
  21  2:47  Zergling x2  
  21  2:48  Zergling x2  
  23  2:59  Zergling x8  
  27  3:08  Zergling x2  
  28  3:26  Overlord  
  27  3:47  Zergling x12  
Show
View Real Time Build Order
Export as new Build Order

kitune Protoss - Winner!

Build Orders: 1 Gate Expand 

Get SALT Encoding   

  12  0:00  Probe  
  13  0:12  Probe  
  14  0:22  Pylon  
  14  0:25  Probe  
  15  0:40  Probe, Gateway  
  16  0:50  Probe  
  16  0:51  Assimilator  
  17  0:58  Probe  
  18  1:06  Probe  
  19  1:18  Probe  
  20  1:29  Cybernetics Core  
  20  1:42  Nexus  
  20  1:43  Probe  
  21  1:51  Pylon  
  21  2:05  Adept  
  23  2:14  Shield Battery  
  23  2:19  Probe, Assimilator  
  24  2:28  Shield Battery  
  24  2:31  Probe  
  24  2:34  Stalker  
  25  2:38  Cybernetics Core  
  27  2:48  Shield Battery  
  27  2:54  Stalker  
  29  3:12  Shield Battery  
  29  3:31  Gateway  
  29  3:46  Gateway  
Tags
 
Add a new tag
Caveats
  • Supply blocks, unpowered buildings, or Contaminate may cause inaccurate times.
  • Supply counts are checked every 10 seconds.